cohdb
Replays
Latest Replays
All Replays
Popular Replays
Top Player Replays
Match Explorer
How It Works
Community
CoH3 Stats
Reddit
Sign in to upload your games and track your stats! →
Sign in with Steam
Match 44407183
Unlisted
Match 44407183
Overview
Messages
Build Orders
End
Kradschützen Motorcycle Team
Selects Italian Infantry
Panzergrenadier Squad
Panzergrenadier Squad
Panzergrenadier Squad
Construct Light Support Kompanie
Fire Support Elements
Flakvierling Half-track
Selects Guastatori Squad
Guastatori Squad
Construct Panzerarmee Kommand
Panzer III L Medium Tank
Selects Defensive Operations
Selects Registered Artillery
2.5-tonne Medical Truck
Panzer III L Medium Tank
Tungsten Core Ammunition
Registered Artillery
Panzer III L Medium Tank
Registered Artillery
Selects Prepared Positions
Emergency Repair Kits
Selects Towed Cannone da 105/28 Field Howitzer
Panzer III L Medium Tank
jackchung888
Big Äl
Citizen Mars
CommandantKitty
Raedwulf
Siwydym
Volundur
Legionary
0
0
Comments
sign in to comment!
No comments posted yet!